Connexion

Griffins vs Checkers

Created - 26 octobre 2023 at 05:53

Goals
1 2 3 T
Griffins 1 1 2 4
Checkers 2 1 2 5
Shots
1 2 3 T
Griffins 9 19 13 41
Checkers 18 8 9 35

GoalsPenalties
1st period
1. Griffins , Otto Koivula 5 (Jack Ahcan 14, Nick Merkley 19) at 9:03
2. Checkers , Reese Johnson 13 (Jackson Blake 10, Aidan Hreschuk 13) at 18:44
3. Checkers , Ethan Edwards 1 (Aarne Talvitie 3, Vinni Lettieri 15) at 18:58
No Penalty
2nd period
4. Griffins , Sasha Chmelevski 15 (Otto Koivula 4, Jake Walman 11) at 1:50 (PP)
5. Checkers , Jackson Blake 12 (Aidan Hreschuk 14, Reese Johnson 17) at 7:20
Ethan Edwards (CHA) for High sticking (Minor) at 1:44
Troy Stecher (CHA) for Hooking (Minor) at 3:57
Vinni Lettieri (CHA) for Interference (Minor) at 10:19
Max Crozier (CHA) for Interference (Minor) at 19:29
3rd period
6. Checkers , Reese Johnson 14 (Jackson Blake 11) at 5:02
7. Griffins , Fillip Zadina 15 (Marc McLaughlin 18) at 7:41
8. Checkers , Brett Sutter 5 (Andy Andreoff 18, Max Crozier 21) at 13:23
9. Griffins , Otto Koivula 6 (Parker Wotherspoon 12, Dylan Coghlan 14) at 17:37 (PP)
Jake Dotchin (GRG) for Hooking (Minor) at 9:11
Michael Vukojevic (CHA) for Roughing (Minor) at 13:30
Andy Andreoff (CHA) for Holding Stick (Minor) at 17:02
Goalie Stats
Justus Annunen (GRG), 30 saves from 35 shots - (0,857), L, 13-10-2, 59:31 minutes
Jake Kielly (CHA), 37 saves from 41 shots - (0,902), W, 16-11-4, 60:00 minutes
3 StarsOfficial
1 - Otto Koivula (GRG)
2 - Reese Johnson (CHA)
3 - Jackson Blake (CHA)
Referees : Frederick L'Ecuyer and Rob Shick
Linesman : Ryan Galloway and Tony Sericolo
Game Note
Aidan Hreschuk is injured at 12:53 of 3rd period (Back)
Finance
Level 1 -- Attendance: 1227 (61,35%) -- Ticket Income 55 215 $
Level 2 -- Attendance: 605 (60,50%) -- Ticket Income 15 125 $
Total Attendance: 1832 (61,07%)
Total Ticket Income: 70 340 $
Other Income: 14 068 $
Total Income: 84 408 $



Team Name Goals Shots Shots Attemp Shots Blocked PIM HIT PP PK FO%
Griffins 44177142262 / 6 (33%)053%
Checkers 53571912180 / 1 (0%)247%

Griffins
Player Name POS G A P +/- PIM HIT SHT SB MP PP MP PP SHT PK MP PK SHT FO% FOT
A.J. GreerLW000-1032014:350:0000:1700% 0
Adam BrooksC000-1002014:180:0000:00064% 14
Alexander VolkovLW/RW000-1000014:180:0000:0000% 1
Dylan CoghlanD011-1003224:555:1321:0800% 0
Fillip ZadinaRW101-3018125:364:0530:34040% 5
Jack AhcanD011-1003221:153:2430:5100% 0
Jacob LarssonD000-1001013:500:0000:0000% 0
Jake DotchinD000-1241213:490:0000:0000% 0
Jake WalmanD011-1002121:153:2400:5100% 0
Jonathan DahlenLW000000000:170:0000:0000% 0
Marc McLaughlinC011-3030121:464:0501:08055% 31
Nick MerkleyRW0111023019:324:3211:08050% 2
Otto KoivulaC/LW2131083118:244:3210:000100% 1
Parker WotherspoonD011-1033424:555:1331:0800% 0
Sasha ChmelevskiC/RW1011006018:244:3210:00050% 30
Shane GersichC/LW000001104:410:0000:0000% 0
Teddy BluegerC/LW000000004:410:0000:00050% 10
Tyler BensonLW000-3013021:294:0500:51033% 3
Checkers
Player Name POS G A P +/- PIM HIT SHT SB MP PP MP PP SHT PK MP PK SHT FO% FOT
Aarne TalvitieC011000007:450:0001:59025% 16
Aidan HreschukD0223014115:500:0002:3400% 0
Andy AndreoffC/LW0111221018:030:3301:18058% 24
Brett SutterC/LW1011013017:380:4700:3800% 1
Dylan PetersonC000001001:030:1400:00050% 2
Ethan EdwardsD1013211115:400:1400:4400% 0
Jackson BlakeRW1233002113:570:0000:0000% 0
Jaynen RisslingD000-1010120:351:1203:5800% 0
Joshua Ho-SangRW000-1012016:041:1201:24067% 3
Ludwig PerssonLW0003000013:570:0000:0000% 0
Max CrozierD0111213124:100:3303:1400% 0
Michael VukojevicD000-1242118:031:1202:3500% 0
Miles WoodLW000-1013020:451:1216:05133% 3
Petrus PalmuRW000000205:460:0000:0000% 0
Reese JohnsonC2133004014:110:1400:00044% 18
Riley BarberRW0001005018:100:3301:24067% 3
Troy StecherD0001230325:380:4704:0900% 0
Vinni LettieriC011-1213024:021:1204:26052% 27



Play-by-Play

1st period


0:01 of 1st period - Tyler Benson wins face-off versus Vinni Lettieri in neutral zone.
0:13 of 1st period - Shot by Marc McLaughlin.
0:13 of 1st period - Shot Misses the Net.
0:29 of 1st period - Shot by Fillip Zadina.
0:29 of 1st period - Stopped by Jake Kielly without a rebound.
0:30 of 1st period - Andy Andreoff wins face-off versus Sasha Chmelevski in Checkers zone.
0:51 of 1st period - Icing by Jake Walman.
0:52 of 1st period - Sasha Chmelevski wins face-off versus Reese Johnson in Griffins zone.
1:19 of 1st period - Jackson Blake is hit by Otto Koivula and loses puck.
4:06 of 1st period - Shot by Reese Johnson.
4:06 of 1st period - Stopped by Justus Annunen without a rebound.
4:07 of 1st period - Marc McLaughlin wins face-off versus Riley Barber in Griffins zone.
4:20 of 1st period - Shot by Tyler Benson.
4:20 of 1st period - Stopped by Jake Kielly without a rebound.
4:21 of 1st period - Vinni Lettieri wins face-off versus Sasha Chmelevski in Checkers zone.
4:21 of 1st period - Troy Stecher is hit by Nick Merkley and loses puck.
4:25 of 1st period - Icing by Max Crozier.
4:26 of 1st period - Marc McLaughlin wins face-off versus Vinni Lettieri in Checkers zone.
5:01 of 1st period - Icing by Dylan Coghlan.
5:02 of 1st period - Riley Barber wins face-off versus Marc McLaughlin in Griffins zone.
5:42 of 1st period - Brett Sutter is hit by Parker Wotherspoon and loses puck.
6:52 of 1st period - Shot by Sasha Chmelevski.
6:52 of 1st period - Stopped by Jake Kielly without a rebound.
6:53 of 1st period - Teddy Blueger wins face-off versus Aarne Talvitie in Checkers zone.
6:53 of 1st period - Teddy Blueger is hit by Max Crozier.
7:09 of 1st period - Shot by Max Crozier.
7:09 of 1st period - Stopped by Justus Annunen without a rebound.
7:10 of 1st period - Andy Andreoff wins face-off versus Sasha Chmelevski in Griffins zone.
7:40 of 1st period - Shot by Andy Andreoff.
7:40 of 1st period - Shot Hit the Post.
7:42 of 1st period - Shot by Brett Sutter.
7:42 of 1st period - Stopped by Justus Annunen without a rebound.
7:43 of 1st period - Reese Johnson wins face-off versus Teddy Blueger in Griffins zone.
7:43 of 1st period - Reese Johnson is hit by Jake Dotchin.
8:02 of 1st period - Reese Johnson is hit by Jake Dotchin and loses puck.
8:05 of 1st period - Shot by Jackson Blake.
8:05 of 1st period - Stopped by Justus Annunen with a rebound.
8:07 of 1st period - Shot by Max Crozier.
8:07 of 1st period - Deflect By Ludwig Persson.
8:07 of 1st period - Shot Misses the Net.
8:42 of 1st period - Shot by Adam Brooks.
8:42 of 1st period - Stopped by Jake Kielly without a rebound.
8:43 of 1st period - Vinni Lettieri wins face-off versus Sasha Chmelevski in Checkers zone.
8:43 of 1st period - Vinni Lettieri is hit by Otto Koivula.
9:03 of 1st period - Shot by Otto Koivula.
9:03 of 1st period - Goal by Otto Koivula - Griffins : 1 - Checkers : 0.
9:04 of 1st period - Adam Brooks wins face-off versus Andy Andreoff in neutral zone.
9:37 of 1st period - Shot by Adam Brooks.
9:37 of 1st period - Shot Misses the Net.
9:40 of 1st period - Icing by Ethan Edwards.
9:41 of 1st period - Sasha Chmelevski wins face-off versus Andy Andreoff in Checkers zone.
9:46 of 1st period - Shot by Sasha Chmelevski.
9:46 of 1st period - Shot Misses the Net.
9:48 of 1st period - Shot by Jacob Larsson.
9:48 of 1st period - Stopped by Jake Kielly without a rebound.
9:49 of 1st period - Vinni Lettieri wins face-off versus Tyler Benson in Checkers zone.
11:24 of 1st period - Icing by Parker Wotherspoon.
11:25 of 1st period - Sasha Chmelevski wins face-off versus Brett Sutter in Griffins zone.
11:38 of 1st period - Max Crozier is hit by Nick Merkley and loses puck.
12:05 of 1st period - Icing by Max Crozier.
12:06 of 1st period - Andy Andreoff wins face-off versus Teddy Blueger in Checkers zone.
12:10 of 1st period - Off-side.
12:11 of 1st period - Marc McLaughlin wins face-off versus Reese Johnson in neutral zone.
12:18 of 1st period - Shot by Jake Walman.
12:18 of 1st period - Stopped by Jake Kielly without a rebound.
12:19 of 1st period - Marc McLaughlin wins face-off versus Reese Johnson in Checkers zone.
12:29 of 1st period - Ludwig Persson is hit by Jake Dotchin and loses puck.
12:36 of 1st period - Shot by Aidan Hreschuk.
12:36 of 1st period - Stopped by Justus Annunen with a rebound.
12:48 of 1st period - Shot by Aidan Hreschuk.
12:48 of 1st period - Stopped by Justus Annunen without a rebound.
12:49 of 1st period - Andy Andreoff wins face-off versus Nick Merkley in Griffins zone.
13:02 of 1st period - Brett Sutter is hit by Otto Koivula and loses puck.
13:30 of 1st period - Andy Andreoff is hit by Otto Koivula and loses puck.
13:38 of 1st period - Icing by Troy Stecher.
13:39 of 1st period - Andy Andreoff wins face-off versus Marc McLaughlin in Checkers zone.
14:10 of 1st period - Shot by Marc McLaughlin.
14:10 of 1st period - Shot Misses the Net.
14:53 of 1st period - A.J. Greer is hit by Michael Vukojevic and loses puck.
15:02 of 1st period - Shot by Alexander Volkov.
15:02 of 1st period - Shot Blocked by Michael Vukojevic.
15:30 of 1st period - Shot by Sasha Chmelevski.
15:30 of 1st period - Stopped by Jake Kielly without a rebound.
15:31 of 1st period - Teddy Blueger wins face-off versus Reese Johnson in Checkers zone.
15:34 of 1st period - Shot by Shane Gersich.
15:34 of 1st period - Stopped by Jake Kielly without a rebound.
15:35 of 1st period - Reese Johnson wins face-off versus Marc McLaughlin in Checkers zone.
15:49 of 1st period - Shot by Fillip Zadina.
15:49 of 1st period - Deflect By Marc McLaughlin.
15:49 of 1st period - Shot Misses the Net.
16:02 of 1st period - Shot by Aidan Hreschuk.
16:02 of 1st period - Stopped by Justus Annunen without a rebound.
16:03 of 1st period - Andy Andreoff wins face-off versus Sasha Chmelevski in Griffins zone.
16:06 of 1st period - Shot by Riley Barber.
16:06 of 1st period - Stopped by Justus Annunen with a rebound.
16:08 of 1st period - Shot by Andy Andreoff.
16:08 of 1st period - Shot Misses the Net.
16:10 of 1st period - Shot by Troy Stecher.
16:10 of 1st period - Shot Blocked by Otto Koivula.
16:14 of 1st period - Shot by Riley Barber.
16:14 of 1st period - Stopped by Justus Annunen without a rebound.
16:15 of 1st period - Adam Brooks wins face-off versus Andy Andreoff in Griffins zone.
16:15 of 1st period - Adam Brooks is hit by Brett Sutter.
16:42 of 1st period - Shot by Riley Barber.
16:42 of 1st period - Stopped by Justus Annunen without a rebound.
16:43 of 1st period - Marc McLaughlin wins face-off versus Aarne Talvitie in Griffins zone.
16:50 of 1st period - Shot by Fillip Zadina.
16:50 of 1st period - Shot Misses the Net.
17:02 of 1st period - Shot by Petrus Palmu.
17:02 of 1st period - Shot Misses the Net.
17:04 of 1st period - Shot by Aarne Talvitie.
17:04 of 1st period - Shot Misses the Net.
17:06 of 1st period - Shot by Aidan Hreschuk.
17:06 of 1st period - Stopped by Justus Annunen with a rebound.
17:12 of 1st period - Shot by Aarne Talvitie.
17:12 of 1st period - Shot Blocked by Fillip Zadina.
17:14 of 1st period - Shot by Petrus Palmu.
17:14 of 1st period - Stopped by Justus Annunen without a rebound.
17:15 of 1st period - Reese Johnson wins face-off versus Sasha Chmelevski in Griffins zone.
17:20 of 1st period - Shot by Reese Johnson.
17:20 of 1st period - Stopped by Justus Annunen without a rebound.
17:21 of 1st period - Andy Andreoff wins face-off versus Sasha Chmelevski in Griffins zone.
17:23 of 1st period - Brett Sutter is hit by Parker Wotherspoon and loses puck.
17:30 of 1st period - Shot by Andy Andreoff.
17:30 of 1st period - Deflect By Brett Sutter.
17:30 of 1st period - Shot Misses the Net.
18:30 of 1st period - Shot by Miles Wood.
18:30 of 1st period - Deflect By Joshua Ho-Sang.
18:30 of 1st period - Stopped by Justus Annunen with a rebound.
18:32 of 1st period - Shot by Michael Vukojevic.
18:32 of 1st period - Stopped by Justus Annunen without a rebound.
18:33 of 1st period - Adam Brooks wins face-off versus Reese Johnson in Griffins zone.
18:44 of 1st period - Shot by Reese Johnson.
18:44 of 1st period - Goal by Reese Johnson - Griffins : 1 - Checkers : 1.
18:45 of 1st period - Aarne Talvitie wins face-off versus Marc McLaughlin in neutral zone.
18:48 of 1st period - Shot by Petrus Palmu.
18:48 of 1st period - Shot Blocked by Jack Ahcan.
18:52 of 1st period - Shot by Vinni Lettieri.
18:52 of 1st period - Stopped by Justus Annunen with a rebound.
18:54 of 1st period - Shot by Petrus Palmu.
18:54 of 1st period - Deflect By Vinni Lettieri.
18:54 of 1st period - Shot Misses the Net.
18:56 of 1st period - Shot by Aarne Talvitie.
18:56 of 1st period - Shot Misses the Net.
18:58 of 1st period - Shot by Ethan Edwards.
18:58 of 1st period - Goal by Ethan Edwards - Griffins : 1 - Checkers : 2.
18:59 of 1st period - Reese Johnson wins face-off versus Adam Brooks in neutral zone.
19:11 of 1st period - Shot by Alexander Volkov.
19:11 of 1st period - Shot Blocked by Troy Stecher.
19:13 of 1st period - Shot by Adam Brooks.
19:13 of 1st period - Shot Misses the Net.
19:22 of 1st period - Alexander Volkov is hit by Troy Stecher and loses puck.
Goals for this period are 1 for Griffins vs 2 for Checkers.
Shots for this period are 9 for Griffins vs 18 for Checkers.

2nd period


0:01 of 2nd period - Marc McLaughlin wins face-off versus Vinni Lettieri in neutral zone.
0:08 of 2nd period - Shot by Fillip Zadina.
0:08 of 2nd period - Stopped by Jake Kielly with a rebound.
0:15 of 2nd period - Troy Stecher is hit by Parker Wotherspoon and loses puck.
0:56 of 2nd period - Fillip Zadina is hit by Andy Andreoff.
0:59 of 2nd period - Off-side.
1:00 of 2nd period - Sasha Chmelevski wins face-off versus Andy Andreoff in neutral zone.
1:24 of 2nd period - Shot by Otto Koivula.
1:24 of 2nd period - Stopped by Jake Kielly without a rebound.
1:25 of 2nd period - Reese Johnson wins face-off versus Adam Brooks in Checkers zone.
1:44 of 2nd period - Minor Penalty to Ethan Edwards for High sticking.
1:45 of 2nd period - Sasha Chmelevski wins face-off versus Vinni Lettieri in Checkers zone.
1:50 of 2nd period - Shot by Sasha Chmelevski.
1:50 of 2nd period - Goal by Sasha Chmelevski - Griffins : 2 - Checkers : 2.
1:51 of 2nd period - Teddy Blueger wins face-off versus Vinni Lettieri in neutral zone.
2:14 of 2nd period - Shot by Fillip Zadina.
2:14 of 2nd period - Shot Misses the Net.
2:39 of 2nd period - Off-side.
2:40 of 2nd period - Andy Andreoff wins face-off versus Sasha Chmelevski in neutral zone.
2:45 of 2nd period - Shot by Andy Andreoff.
2:45 of 2nd period - Deflect By Riley Barber.
2:45 of 2nd period - Stopped by Justus Annunen with a rebound.
3:11 of 2nd period - Shot by Sasha Chmelevski.
3:11 of 2nd period - Stopped by Jake Kielly without a rebound.
3:12 of 2nd period - Adam Brooks wins face-off versus Reese Johnson in Checkers zone.
3:25 of 2nd period - Shot by Alexander Volkov.
3:25 of 2nd period - Shot Blocked by Ethan Edwards.
3:27 of 2nd period - Shot by Adam Brooks.
3:27 of 2nd period - Stopped by Jake Kielly without a rebound.
3:28 of 2nd period - Aarne Talvitie wins face-off versus Fillip Zadina in Checkers zone.
3:30 of 2nd period - Max Crozier is hit by Marc McLaughlin and loses puck.
3:35 of 2nd period - Troy Stecher is hit by Tyler Benson and loses puck.
3:57 of 2nd period - Minor Penalty to Troy Stecher for Hooking.
3:58 of 2nd period - Sasha Chmelevski wins face-off versus Vinni Lettieri in Checkers zone.
4:07 of 2nd period - Shot by Nick Merkley.
4:07 of 2nd period - Shot Misses the Net.
4:34 of 2nd period - Icing by Jake Walman.
4:35 of 2nd period - Vinni Lettieri wins face-off versus Sasha Chmelevski in Griffins zone.
4:43 of 2nd period - Icing by Jack Ahcan.
4:44 of 2nd period - Vinni Lettieri wins face-off versus Sasha Chmelevski in Griffins zone.
4:55 of 2nd period - Miles Wood is hit by Otto Koivula.
5:03 of 2nd period - Shot by Vinni Lettieri.
5:03 of 2nd period - Deflect By Miles Wood.
5:03 of 2nd period - Stopped by Justus Annunen with a rebound.
5:30 of 2nd period - Off-side.
5:31 of 2nd period - Vinni Lettieri wins face-off versus Marc McLaughlin in neutral zone.
5:40 of 2nd period - Dylan Coghlan is hit by Miles Wood and loses puck.
5:54 of 2nd period - Shot by Tyler Benson.
5:54 of 2nd period - Shot Misses the Net.
5:56 of 2nd period - Shot by Tyler Benson.
5:56 of 2nd period - Shot Misses the Net.
5:58 of 2nd period - Shot by A.J. Greer.
5:58 of 2nd period - Stopped by Jake Kielly without a rebound.
5:59 of 2nd period - Adam Brooks wins face-off versus Andy Andreoff in Checkers zone.
5:59 of 2nd period - Alexander Volkov is hit by Michael Vukojevic and loses puck.
6:23 of 2nd period - Jacob Larsson is hit by Michael Vukojevic and loses puck.
6:28 of 2nd period - Shot by Alexander Volkov.
6:28 of 2nd period - Shot Misses the Net.
7:20 of 2nd period - Shot by Jackson Blake.
7:20 of 2nd period - Goal by Jackson Blake - Griffins : 2 - Checkers : 3.
7:21 of 2nd period - Sasha Chmelevski wins face-off versus Aarne Talvitie in neutral zone.
7:32 of 2nd period - Shot by Nick Merkley.
7:32 of 2nd period - Shot Blocked by Troy Stecher.
7:34 of 2nd period - Shot by Sasha Chmelevski.
7:34 of 2nd period - Stopped by Jake Kielly with a rebound.
7:36 of 2nd period - Shot by Jake Walman.
7:36 of 2nd period - Stopped by Jake Kielly without a rebound.
7:37 of 2nd period - Vinni Lettieri wins face-off versus Teddy Blueger in Checkers zone.
7:45 of 2nd period - Shot by Joshua Ho-Sang.
7:45 of 2nd period - Shot Misses the Net.
7:47 of 2nd period - Shot by Vinni Lettieri.
7:47 of 2nd period - Stopped by Justus Annunen with a rebound.
7:49 of 2nd period - Shot by Miles Wood.
7:49 of 2nd period - Stopped by Justus Annunen without a rebound.
7:50 of 2nd period - Reese Johnson wins face-off versus Sasha Chmelevski in Griffins zone.
8:26 of 2nd period - Icing by Jackson Blake.
8:27 of 2nd period - Marc McLaughlin wins face-off versus Reese Johnson in Checkers zone.
8:36 of 2nd period - Icing by Jack Ahcan.
8:37 of 2nd period - Marc McLaughlin wins face-off versus Vinni Lettieri in Griffins zone.
8:37 of 2nd period - Marc McLaughlin is hit by Joshua Ho-Sang.
8:43 of 2nd period - Max Crozier is hit by Fillip Zadina and loses puck.
9:08 of 2nd period - Icing by Marc McLaughlin.
9:09 of 2nd period - Marc McLaughlin wins face-off versus Andy Andreoff in Griffins zone.
9:26 of 2nd period - Shot by Tyler Benson.
9:26 of 2nd period - Stopped by Jake Kielly without a rebound.
9:27 of 2nd period - Sasha Chmelevski wins face-off versus Reese Johnson in Checkers zone.
9:42 of 2nd period - Shot by Otto Koivula.
9:42 of 2nd period - Shot Blocked by Aidan Hreschuk.
9:44 of 2nd period - Shot by Otto Koivula.
9:44 of 2nd period - Deflect By Nick Merkley.
9:44 of 2nd period - Stopped by Jake Kielly without a rebound.
9:45 of 2nd period - Adam Brooks wins face-off versus Miles Wood in Checkers zone.
9:52 of 2nd period - Shot by A.J. Greer.
9:52 of 2nd period - Shot Misses the Net.
9:54 of 2nd period - Shot by Jake Dotchin.
9:54 of 2nd period - Stopped by Jake Kielly without a rebound.
9:55 of 2nd period - Teddy Blueger wins face-off versus Andy Andreoff in Checkers zone.
9:58 of 2nd period - Shot by Teddy Blueger.
9:58 of 2nd period - Shot Misses the Net.
10:04 of 2nd period - Teddy Blueger is hit by Andy Andreoff.
10:16 of 2nd period - Shot by Andy Andreoff.
10:16 of 2nd period - Stopped by Justus Annunen without a rebound.
10:17 of 2nd period - Sasha Chmelevski wins face-off versus Vinni Lettieri in Griffins zone.
10:19 of 2nd period - Minor Penalty to Vinni Lettieri for Interference.
10:20 of 2nd period - Fillip Zadina wins face-off versus Aarne Talvitie in Checkers zone.
11:46 of 2nd period - Shot by Jack Ahcan.
11:46 of 2nd period - Stopped by Jake Kielly without a rebound.
11:47 of 2nd period - Marc McLaughlin wins face-off versus Aarne Talvitie in Checkers zone.
11:48 of 2nd period - Shot by Parker Wotherspoon.
11:48 of 2nd period - Stopped by Jake Kielly without a rebound.
11:49 of 2nd period - Marc McLaughlin wins face-off versus Aarne Talvitie in Checkers zone.
11:50 of 2nd period - Shot by Parker Wotherspoon.
11:50 of 2nd period - Stopped by Jake Kielly without a rebound.
11:51 of 2nd period - Marc McLaughlin wins face-off versus Aarne Talvitie in Checkers zone.
12:12 of 2nd period - Shot by Fillip Zadina.
12:12 of 2nd period - Stopped by Jake Kielly with a rebound.
12:26 of 2nd period - Shot by Jackson Blake.
12:26 of 2nd period - Deflect By Reese Johnson.
12:26 of 2nd period - Shot Misses the Net.
13:19 of 2nd period - Jackson Blake is hit by A.J. Greer and loses puck.
13:40 of 2nd period - Off-side.
13:41 of 2nd period - Vinni Lettieri wins face-off versus Marc McLaughlin in neutral zone.
13:48 of 2nd period - Shot by Vinni Lettieri.
13:48 of 2nd period - Shot Misses the Net.
14:16 of 2nd period - Icing by Parker Wotherspoon.
14:17 of 2nd period - Andy Andreoff wins face-off versus Tyler Benson in Griffins zone.
14:18 of 2nd period - Shot by Riley Barber.
14:18 of 2nd period - Shot Misses the Net.
14:20 of 2nd period - Shot by Andy Andreoff.
14:20 of 2nd period - Shot Blocked by Dylan Coghlan.
14:36 of 2nd period - Shot by Riley Barber.
14:36 of 2nd period - Stopped by Justus Annunen without a rebound.
14:37 of 2nd period - Sasha Chmelevski wins face-off versus Aarne Talvitie in Griffins zone.
14:39 of 2nd period - Jacob Larsson is hit by Vinni Lettieri and loses puck.
14:51 of 2nd period - Icing by Sasha Chmelevski.
14:52 of 2nd period - Andy Andreoff wins face-off versus Sasha Chmelevski in Griffins zone.
15:24 of 2nd period - Jaynen Rissling is hit by Jake Dotchin.
15:31 of 2nd period - Jacob Larsson is hit by Jaynen Rissling and loses puck.
16:02 of 2nd period - Off-side.
16:03 of 2nd period - Reese Johnson wins face-off versus Adam Brooks in neutral zone.
16:03 of 2nd period - Ethan Edwards is hit by A.J. Greer and loses puck.
16:11 of 2nd period - Adam Brooks is hit by Ethan Edwards.
16:15 of 2nd period - Shot by Alexander Volkov.
16:15 of 2nd period - Shot Misses the Net.
16:35 of 2nd period - Shot by Reese Johnson.
16:35 of 2nd period - Shot Blocked by Dylan Coghlan.
16:58 of 2nd period - Icing by Fillip Zadina.
16:59 of 2nd period - Vinni Lettieri wins face-off versus Marc McLaughlin in Griffins zone.
17:16 of 2nd period - Shot by Vinni Lettieri.
17:16 of 2nd period - Shot Blocked by Jack Ahcan.
17:18 of 2nd period - Shot by Miles Wood.
17:18 of 2nd period - Shot Misses the Net.
17:36 of 2nd period - Shot by Vinni Lettieri.
17:36 of 2nd period - Shot Misses the Net.
17:38 of 2nd period - Shot by Joshua Ho-Sang.
17:38 of 2nd period - Stopped by Justus Annunen with a rebound.
18:20 of 2nd period - Shot by Sasha Chmelevski.
18:20 of 2nd period - Stopped by Jake Kielly without a rebound.
18:21 of 2nd period - Adam Brooks wins face-off versus Reese Johnson in Checkers zone.
18:24 of 2nd period - Shot by Alexander Volkov.
18:24 of 2nd period - Shot Misses the Net.
18:26 of 2nd period - Shot by Dylan Coghlan.
18:26 of 2nd period - Stopped by Jake Kielly without a rebound.
18:27 of 2nd period - Aarne Talvitie wins face-off versus Alexander Volkov in Checkers zone.
18:42 of 2nd period - Shot by A.J. Greer.
18:42 of 2nd period - Shot Misses the Net.
19:00 of 2nd period - Icing by Aidan Hreschuk.
19:01 of 2nd period - Aarne Talvitie wins face-off versus Sasha Chmelevski in Checkers zone.
19:19 of 2nd period - Shot by Nick Merkley.
19:19 of 2nd period - Stopped by Jake Kielly without a rebound.
19:20 of 2nd period - Fillip Zadina wins face-off versus Andy Andreoff in Checkers zone.
19:20 of 2nd period - Fillip Zadina is hit by Troy Stecher.
19:29 of 2nd period - Minor Penalty to Max Crozier for Interference.
19:30 of 2nd period - Vinni Lettieri wins face-off versus Marc McLaughlin in Checkers zone.
19:41 of 2nd period - Shot by Dylan Coghlan.
19:41 of 2nd period - Stopped by Jake Kielly without a rebound.
19:42 of 2nd period - Sasha Chmelevski wins face-off versus Vinni Lettieri in Checkers zone.
Goals for this period are 1 for Griffins vs 1 for Checkers.
Shots for this period are 19 for Griffins vs 8 for Checkers.

3rd period


0:01 of 3rd period - Miles Wood wins face-off versus Marc McLaughlin in neutral zone.
0:10 of 3rd period - Aidan Hreschuk is hit by Marc McLaughlin and loses puck.
0:31 of 3rd period - Shot by Fillip Zadina.
0:31 of 3rd period - Stopped by Jake Kielly with a rebound.
0:33 of 3rd period - Shot by Parker Wotherspoon.
0:33 of 3rd period - Stopped by Jake Kielly without a rebound.
0:34 of 3rd period - Joshua Ho-Sang wins face-off versus Sasha Chmelevski in Checkers zone.
0:45 of 3rd period - Jaynen Rissling is hit by Otto Koivula and loses puck.
0:50 of 3rd period - Shot by Jack Ahcan.
0:50 of 3rd period - Stopped by Jake Kielly without a rebound.
0:51 of 3rd period - Joshua Ho-Sang wins face-off versus Marc McLaughlin in Checkers zone.
1:04 of 3rd period - Joshua Ho-Sang is hit by Marc McLaughlin and loses puck.
1:23 of 3rd period - Shot by Fillip Zadina.
1:23 of 3rd period - Stopped by Jake Kielly without a rebound.
1:24 of 3rd period - Sasha Chmelevski wins face-off versus Vinni Lettieri in Checkers zone.
1:29 of 3rd period - Shot by Nick Merkley.
1:29 of 3rd period - Shot Blocked by Jackson Blake.
1:41 of 3rd period - Shot by Alexander Volkov.
1:41 of 3rd period - Shot Hit the Post.
1:43 of 3rd period - Shot by A.J. Greer.
1:43 of 3rd period - Shot Misses the Net.
3:30 of 3rd period - Shot by Andy Andreoff.
3:30 of 3rd period - Shot Blocked by Jake Walman.
4:56 of 3rd period - Shot by Jackson Blake.
4:56 of 3rd period - Shot Blocked by Parker Wotherspoon.
4:58 of 3rd period - Shot by Reese Johnson.
4:58 of 3rd period - Shot Misses the Net.
5:02 of 3rd period - Shot by Reese Johnson.
5:02 of 3rd period - Goal by Reese Johnson - Griffins : 2 - Checkers : 4.
5:03 of 3rd period - Adam Brooks wins face-off versus Dylan Peterson in neutral zone.
5:12 of 3rd period - A.J. Greer is hit by Dylan Peterson and loses puck.
6:06 of 3rd period - Max Crozier is hit by A.J. Greer and loses puck.
6:19 of 3rd period - Shot by Andy Andreoff.
6:19 of 3rd period - Shot Misses the Net.
6:48 of 3rd period - Icing by Jake Walman.
6:49 of 3rd period - Otto Koivula wins face-off versus Aarne Talvitie in Griffins zone.
6:58 of 3rd period - Shot by Jack Ahcan.
6:58 of 3rd period - Shot Misses the Net.
7:12 of 3rd period - Shot by Vinni Lettieri.
7:12 of 3rd period - Stopped by Justus Annunen with a rebound.
7:14 of 3rd period - Shot by Michael Vukojevic.
7:14 of 3rd period - Stopped by Justus Annunen with a rebound.
7:31 of 3rd period - Icing by Jaynen Rissling.
7:32 of 3rd period - Marc McLaughlin wins face-off versus Aarne Talvitie in Checkers zone.
7:41 of 3rd period - Shot by Fillip Zadina.
7:41 of 3rd period - Goal by Fillip Zadina - Griffins : 3 - Checkers : 4.
7:42 of 3rd period - Reese Johnson wins face-off versus Teddy Blueger in neutral zone.
7:45 of 3rd period - Shot by Ludwig Persson.
7:45 of 3rd period - Deflect By Jackson Blake.
7:45 of 3rd period - Shot Blocked by Parker Wotherspoon.
8:04 of 3rd period - Icing by Dylan Coghlan.
8:05 of 3rd period - Andy Andreoff wins face-off versus Teddy Blueger in Griffins zone.
8:21 of 3rd period - Parker Wotherspoon is hit by Troy Stecher and loses puck.
8:45 of 3rd period - Riley Barber is hit by Shane Gersich and loses puck.
9:05 of 3rd period - Alexander Volkov is hit by Michael Vukojevic and loses puck.
9:11 of 3rd period - Minor Penalty to Jake Dotchin for Hooking.
9:12 of 3rd period - Vinni Lettieri wins face-off versus Fillip Zadina in Griffins zone.
10:40 of 3rd period - Shot by Jaynen Rissling.
10:40 of 3rd period - Shot Misses the Net.
10:42 of 3rd period - Shot by Miles Wood.
10:42 of 3rd period - Shot Blocked by Parker Wotherspoon.
10:50 of 3rd period - Shot by Vinni Lettieri.
10:50 of 3rd period - Deflect By Miles Wood.
10:50 of 3rd period - Shot Misses the Net.
10:52 of 3rd period - Shot by Miles Wood.
10:52 of 3rd period - Stopped by Justus Annunen with a rebound.
11:07 of 3rd period - Icing by Troy Stecher.
11:08 of 3rd period - Dylan Peterson wins face-off versus Fillip Zadina in Checkers zone.
11:17 of 3rd period - Shot by Jackson Blake.
11:17 of 3rd period - Shot Misses the Net.
11:36 of 3rd period - A.J. Greer is hit by Aidan Hreschuk and loses puck.
12:00 of 3rd period - Icing by Jake Dotchin.
12:01 of 3rd period - Adam Brooks wins face-off versus Andy Andreoff in Griffins zone.
12:22 of 3rd period - Shot by Max Crozier.
12:22 of 3rd period - Stopped by Justus Annunen without a rebound.
12:23 of 3rd period - Teddy Blueger wins face-off versus Aarne Talvitie in Griffins zone.
12:46 of 3rd period - Shot by Petrus Palmu.
12:46 of 3rd period - Stopped by Justus Annunen without a rebound.
12:47 of 3rd period - Sasha Chmelevski wins face-off versus Andy Andreoff in Griffins zone.
12:52 of 3rd period - Aidan Hreschuk is hit by Otto Koivula and loses puck.
12:53 of 3rd period - Aidan Hreschuk from Checkers is injured at 12:53 of 3rd period (Back).
12:54 of 3rd period - Riley Barber wins face-off versus Marc McLaughlin in Checkers zone.
13:05 of 3rd period - Shot by Brett Sutter.
13:05 of 3rd period - Shot Misses the Net.
13:19 of 3rd period - Shot by Andy Andreoff.
13:19 of 3rd period - Shot Blocked by Marc McLaughlin.
13:21 of 3rd period - Shot by Andy Andreoff.
13:21 of 3rd period - Shot Misses the Net.
13:23 of 3rd period - Shot by Brett Sutter.
13:23 of 3rd period - Goal by Brett Sutter - Griffins : 3 - Checkers : 5.
13:24 of 3rd period - Sasha Chmelevski wins face-off versus Vinni Lettieri in neutral zone.
13:30 of 3rd period - Minor Penalty to Michael Vukojevic for Roughing.
13:31 of 3rd period - Vinni Lettieri wins face-off versus Sasha Chmelevski in Checkers zone.
13:43 of 3rd period - Off-side.
13:44 of 3rd period - Vinni Lettieri wins face-off versus Marc McLaughlin in neutral zone.
13:57 of 3rd period - Shot by Marc McLaughlin.
13:57 of 3rd period - Shot Blocked by Jaynen Rissling.
13:59 of 3rd period - Shot by Jack Ahcan.
13:59 of 3rd period - Stopped by Jake Kielly with a rebound.
14:01 of 3rd period - Shot by Tyler Benson.
14:01 of 3rd period - Deflect By Fillip Zadina.
14:01 of 3rd period - Shot Misses the Net.
14:03 of 3rd period - Shot by Tyler Benson.
14:03 of 3rd period - Shot Misses the Net.
14:45 of 3rd period - Shot by Dylan Coghlan.
14:45 of 3rd period - Stopped by Jake Kielly without a rebound.
14:46 of 3rd period - Sasha Chmelevski wins face-off versus Joshua Ho-Sang in Checkers zone.
14:47 of 3rd period - Shot by Nick Merkley.
14:47 of 3rd period - Stopped by Jake Kielly with a rebound.
15:45 of 3rd period - Shot by A.J. Greer.
15:45 of 3rd period - Shot Misses the Net.
15:53 of 3rd period - Icing by Jacob Larsson.
15:54 of 3rd period - Andy Andreoff wins face-off versus Adam Brooks in Griffins zone.
15:55 of 3rd period - Shot by Brett Sutter.
15:55 of 3rd period - Shot Blocked by Jake Dotchin.
15:57 of 3rd period - Shot by Andy Andreoff.
15:57 of 3rd period - Shot Misses the Net.
15:59 of 3rd period - Shot by Andy Andreoff.
15:59 of 3rd period - Shot Blocked by Jake Dotchin.
16:01 of 3rd period - Shot by Brett Sutter.
16:01 of 3rd period - Stopped by Justus Annunen without a rebound.
16:02 of 3rd period - Andy Andreoff wins face-off versus Marc McLaughlin in Griffins zone.
16:06 of 3rd period - Icing by Fillip Zadina.
16:07 of 3rd period - Marc McLaughlin wins face-off versus Miles Wood in Griffins zone.
16:47 of 3rd period - Shot by Fillip Zadina.
16:47 of 3rd period - Shot Blocked by Troy Stecher.
17:02 of 3rd period - Minor Penalty to Andy Andreoff for Holding Stick.
17:03 of 3rd period - Nick Merkley wins face-off versus Aarne Talvitie in Checkers zone.
17:33 of 3rd period - Shot by Parker Wotherspoon.
17:33 of 3rd period - Shot Misses the Net.
17:35 of 3rd period - Shot by Parker Wotherspoon.
17:35 of 3rd period - Shot Misses the Net.
17:37 of 3rd period - Shot by Otto Koivula.
17:37 of 3rd period - Goal by Otto Koivula - Griffins : 4 - Checkers : 5.
17:38 of 3rd period - Andy Andreoff wins face-off versus Adam Brooks in neutral zone.
17:48 of 3rd period - Shot by A.J. Greer.
17:48 of 3rd period - Stopped by Jake Kielly without a rebound.
17:49 of 3rd period - Marc McLaughlin wins face-off versus Reese Johnson in Checkers zone.
18:51 of 3rd period - Jaynen Rissling is hit by Otto Koivula.
19:23 of 3rd period - Shot by Andy Andreoff.
19:23 of 3rd period - Shot Blocked by Parker Wotherspoon.
19:25 of 3rd period - Shot by Max Crozier.
19:25 of 3rd period - Stopped by Justus Annunen without a rebound.
19:26 of 3rd period - Marc McLaughlin wins face-off versus Vinni Lettieri in Griffins zone.
19:31 of 3rd period - Griffins, Justus Annunen is pulled from the net.
19:31 of 3rd period - Shot by Fillip Zadina.
19:31 of 3rd period - Stopped by Jake Kielly without a rebound.
19:32 of 3rd period - Marc McLaughlin wins face-off versus Vinni Lettieri in Checkers zone.
19:41 of 3rd period - Shot by Fillip Zadina.
19:41 of 3rd period - Stopped by Jake Kielly with a rebound.
19:43 of 3rd period - Shot by Parker Wotherspoon.
19:43 of 3rd period - Shot Blocked by Max Crozier.
19:45 of 3rd period - Shot by Tyler Benson.
19:45 of 3rd period - Shot Misses the Net.
19:47 of 3rd period - Shot by Parker Wotherspoon.
19:47 of 3rd period - Shot Misses the Net.
19:49 of 3rd period - Shot by Tyler Benson.
19:49 of 3rd period - Stopped by Jake Kielly without a rebound.
19:50 of 3rd period - Vinni Lettieri wins face-off versus Marc McLaughlin in Checkers zone.
Goals for this period are 2 for Griffins vs 2 for Checkers.
Shots for this period are 13 for Griffins vs 9 for Checkers.